 Dungeon Crawl Stone Soup version 0.17.1-2-g5865329 (webtiles) character file.

49 Arkorax the Vexing (level 3, -2/32 HPs)
             Began as a Naga Arcane Marksman on Feb 5, 2016.
             Slain by Sigmund
             ... wielding a +0 scythe
              (7 damage)
             ... on level 2 of the Dungeon.
             The game lasted 00:02:36 (1211 turns).

Arkorax the Vexing (Naga Arcane Marksman)           Turns: 1211, Time: 00:02:36

Health: -2/32      AC:  3    Str: 14    XL:     3   Next: 75%
Magic:  3/4        EV: 10    Int: 11    God:
Gold:   80         SH:  0    Dex: 12    Spells: 1 memorised, 3 levels left

rFire  . . .     SeeInvis +     a - +0 shortbow
rCold  . . .     Clarity  .     n - +0 robe {MR+}
rNeg   . . .     SustAt   .     (shield currently unavailable)
rPois  +         Gourm    .     (no helmet)
rElec  .         Spirit   .     (no cloak)
rCorr  .         Warding  .     (no gloves)
rMut   .         Stasis   .     (no barding)
MR     +....                    (no amulet)
Stlth  +.........               (no ring)
                                h - ring of see invisible

@: flying, very slow, somewhat resistant to hostile enchantments, very
unstealthy
A: see invisible, agile 1, deformed body, dopey 1, poison resistance, shaggy fur
1, slowness 2, slow metabolism 1, spit poison 2, AC +1
a: Spit Poison


You were on level 2 of the Dungeon.
You were not hungry.

You visited 1 branch of the dungeon, and saw 2 of its levels.

You collected 80 gold pieces.

Inventory:

Hand Weapons
 a - a +0 shortbow (weapon)
Missiles
 d - 19 arrows (quivered)
Armour
 n - a +0 robe of magic resistance (worn)
Jewellery
 h - a ring of see invisible (left hand)
Scrolls
 k - a scroll of teleportation {unknown}
 m - 2 scrolls of identify
Potions
 i - 2 potions of haste
Books
 c - a book of Debilitation

   Spells                             Type                      Level
   a - Corona                         Hexes                        1
   b - Slow                           Hexes                        2
   c - Gell's Gravitas                Hexes/Translocation          3
   d - Inner Flame                    Hexes/Fire                   3
   e - Cause Fear                     Hexes                        4
   f - Leda's Liquefaction            Hexes/Earth                  4
Comestibles
 e - a bread ration
 o - 2 meat rations


   Skills:
 * Level 2.2 Fighting
 * Level 2.6 Bows
 - Level 1.5 Dodging
 - Level 1.0 Spellcasting
 + Level 3.3 Hexes


You had 3 spell levels left.
You knew the following spells:

 Your Spells              Type           Power        Failure   Level  Hunger
a - Corona                Hex            #......      10%         1    ##.....


Dungeon Overview and Level Annotations

Branches:
Dungeon (2/15)

Altars:

Annotations:
D:2 Sigmund


Innate Abilities, Weirdness & Mutations

You cannot wear boots.
Your serpentine skin is tough (AC +1).
You have supernaturally acute eyesight.
Armour fits poorly on your strangely shaped body.
Your system is resistant to poisons.
You cover ground very slowly.
You have a slow metabolism.
You can spit poison.
You are agile. (Dex +2)
You are dopey. (Int -2)
You are covered in fur (AC +1).


Message History

Sigmund hits you from afar with a scythe!
* * * LOW HITPOINT WARNING * * *
Firing (i - inventory):
d - 22 arrows (quivered)
Press: ? - help, Shift-Dir - straight line, f/p - Sigmund
Aim: Sigmund, wielding a scythe and wearing a robe (softly glowing, slightly transparent)
You shoot an arrow. The arrow hits Sigmund.
Sigmund is lightly wounded.
Firing (i - inventory):
d - 21 arrows (quivered)
Press: ? - help, Shift-Dir - straight line, f/p - Sigmund
Aim: Sigmund, wielding a scythe and wearing a robe (lightly wounded, softly glowing, slightly transparent)
You shoot an arrow.
The arrow hits Sigmund but does no damage.
Sigmund is lightly wounded.
Sigmund hits you but does no damage.
Firing (i - inventory):
d - 20 arrows (quivered)
Press: ? - help, Shift-Dir - straight line, f/p - Sigmund
Aim: Sigmund, wielding a scythe and wearing a robe (lightly wounded, softly glowing, slightly transparent)
You shoot an arrow. The arrow barely misses Sigmund.
Sigmund hits you from afar with a scythe!
You die...

..# .## #####.# #.# ..#
##'# #.# #.# ##... #.#
##.# ##.... . #.# ##..#
##.....
(..####.#####...####......
..((..(.@(.........'......
.....((.#)###....###......
.##.#####@# #..#.# ##.....
#.# #....# ##.... #.#
#.#.## ##... #.. ....#
##+# ##.....## .##.. .##..
.#


You could see Sigmund (invisible).

Vanquished Creatures
  An adder (D:2)
  An ooze (D:2)
  A worm (D:2)
  A giant gecko (D:1)
  3 giant cockroaches
  5 goblins
  5 hobgoblins
  A ball python (D:2)
  4 bats
  4 giant newts
  4 kobolds
  A rat (D:2)
31 creatures vanquished.

Notes
Turn   | Place    | Note
--------------------------------------------------------------
     0 | D:1      | Arkorax the Naga Arcane Marksman began the quest for the Orb.
     0 | D:1      | Reached XP level 1. HP: 18/18 MP: 2/2
   236 | D:1      | Reached XP level 2. HP: 8/25 MP: 3/3
   855 | D:2      | Reached XP level 3. HP: 30/32 MP: 4/4
  1201 | D:2      | Noticed Sigmund
  1205 | D:2      | Gained mutation: You are covered in fur (AC +1). [potion of mutation]
  1205 | D:2      | Gained mutation: You are agile. (Dex +2) [potion of mutation]
  1205 | D:2      | Gained mutation: You are dopey. (Int -2) [potion of mutation]
  1211 | D:2      | Slain by Sigmund

Action                   || total
-------------------------++-------
 Fire: Shortbow          ||   132
 Cast: Corona            ||     4
 Abil: Spit Poison       ||     1
  Use: Scroll            ||     3
       Potion            ||     4
